 Dungeon Crawl Stone Soup version bcrawl-1.27.8b (webtiles) character file.

Game seed: 8522835515981759826

431872 LostNumber the Slicer (level 10, -1/63 HPs)
             Began as a Twilight Stalker Martial Artist on Oct 30, 2020.
             Was a High Priest of Wu Jian.
             Slain by a yak (14 damage)
             ... on level 8 of the Dungeon.
             The game lasted 00:13:51 (5675 turns).

LostNumber the Slicer (VSMA)                        Turns: 5675, Time: 00:13:52

Health: -1/63      AC:  5    Str: 16    XL:     10   Next: 59%
Magic:  12/12      EV: 18    Int:  9    God:    Wu Jian [*****.]
Gold:   311        SH:  9    Dex: 26    Spells: 10/11 levels left

rFire    . . .     SeeInvis .   x - +2 dagger (elec)
rCold    . . .     Gourm    .   A - +2 buckler
rNeg     . . .     Faith    .   D - +0 troll leather armour
rPois    .         Spirit   .   (no helmet)
rElec    .         Reflect  .   v - +0 cloak
rCorr    .         Harm     .   (no gloves)
MR       +....     Rnd*Tele +   (no boots)
Stlth    +++.......             (no amulet)
HPRegen  1.00/turn              l - ring of teleportation (curse)
MPRegen  0.13/turn              h - +7 ring of dexterity

@: no status effects
A: fangs 3, nightstalker 1, regeneration 1, no potion heal 3, rot immunity,
draining bite, strong jaws, assimilated armour
a: Wall Jump, Serpent's Lash, Heavenly Storm, Renounce Religion


You were on level 8 of the Dungeon.
You worshipped Wu Jian.
Wu Jian was extremely pleased with you.
You were not hungry.

You visited 2 branches of the dungeon, and saw 9 of its levels.

You collected 311 gold pieces.

Inventory:

Hand Weapons
 b - a +1 dagger of venom
   (You took it off a goblin on level 1 of the Dungeon)
 c - a +2 dagger of flaming
   (You took it off an orc wizard on level 4 of the Dungeon)
 x - a +2 dagger of electrocution (weapon)
   (You took it off Ijyb on level 5 of the Dungeon)
Armour
 a - a +1 robe
 v - a +0 cloak (worn)
   (You found it on level 6 of the Dungeon)
 A - a +2 buckler (worn)
   (You found it on level 6 of the Dungeon)
 D - a +0 troll leather armour (worn)
   (You found it on level 7 of the Dungeon)
Jewellery
 h - a +7 ring of dexterity (right hand)
   (You found it on level 1 of the Dungeon)
 j - an uncursed ring of positive energy
   (You found it on level 1 of the Dungeon)
 k - the ring of Daahepsa {Fire MP+9}
   (You found it on level 1 of the Dungeon)

   [ring of fire]

   It enhances your fire magic.
   It protects you from fire.
   It makes you vulnerable to cold.
   It affects your magic capacity (+9).
 l - a cursed ring of teleportation (left hand)
   (You found it on level 1 of the Dungeon)
 s - an uncursed ring of fire {unknown}
   (You found it on level 3 of the Dungeon)
 z - an uncursed ring of see invisible {unknown}
   (You found it on level 6 of the Dungeon)
 H - an uncursed ring of magical power {unknown}
   (You found it on level 4 of the Dungeon)
Wands
 d - a wand of iceblast (9)
   (You found it on level 7 of the Dungeon)
 t - a wand of random effects (4)
   (You found it on level 4 of the Dungeon)
 u - a wand of paralysis (8)
   (You took it off Maurice on level 8 of the Dungeon)
 w - a wand of polymorph (11)
   (You took it off Ijyb on level 5 of the Dungeon)
Scrolls
 f - 4 scrolls of identify {@r1}
 n - 4 scrolls of teleportation {@r4}
 r - a scroll of enchant armour
 y - 2 scrolls of fear
 E - a scroll of enchant weapon {unknown}
 F - 3 scrolls of summoning {unknown}
 G - a scroll of magic mapping {unknown}
Potions
 g - 9 potions of curing {unknown}
 i - a potion of resistance {unknown}
 m - a potion of ambrosia {unknown}
 o - 2 potions of degeneration {unknown}
 p - 4 potions of heal wounds {unknown}
 q - a potion of lignification {unknown}
 C - a potion of haste {unknown}
Comestibles
 e - 15 rations {!d!d}
 B - 26 chunks of flesh


   Skills:
 + Level 7.3 Fighting
 * Level 9.3 Short Blades
 + Level 8.0 Dodging
 - Level 1.5 Stealth
 - Level 3.8 Shields
 - Level 4.4 Unarmed Combat
 - Level 1.1 Spellcasting
 - Level 1.0 Hexes


You had 10 spell levels left.
You knew the following spells:

 Your Spells              Type           Power        Failure   Level  Hunger
a - Confusing Touch       Hex            #.......     52%         1    None
Your spell library was empty.

Dungeon Overview and Level Annotations

Branches:
Dungeon (8/12)             Temple (1/1) D:7
   Lair: D:7-9          Orc: D:8-11

Altars:
Cheibriados
Fedhas
Gozag
Kikubaaqudgha
Makhleb
Nemelex Xobeh
Okawaru
Qazlal
Ru
Sif Muna
Trog
Uskayaw
Yredelemnul

Shops:
D:5 ?

Annotations:
D:5 1 runed door


Innate Abilities, Weirdness & Mutations

You have razor-sharp teeth.
You are slightly more attuned to the shadows.
Your natural rate of healing is unusually fast.
Potions cannot restore your health.
You are immune to rotting.
Your bite drains your enemy's life force.
Your bites deal extra damage.
Your stealth is less affected by armour.


Message History

You butcher the worker ant corpse.
B - 20 chunks of flesh (gained 2)
You feel sick.
You see here a worker ant corpse.
You butcher the worker ant corpse.
You feel sick.
B - 21 chunks of flesh (gained 1)
You feel sick.
You start resting.
You feel sick. x4
You are no longer poisoned.
You butcher the centaur corpse.
B - 26 chunks of flesh (gained 5)
Things that are here:
a +0 shortbow; 148 arrows; a centaur skeleton
Things that are here:
a +0 shortbow; 148 arrows; a centaur skeleton An ogre comes into view.
It is wielding a +0 giant club.
An ogre is nearby!
A worker ant comes into view.
You swap places.
A yak comes into view.
The ogre shouts!
The yak bellows!
You hear a bellow!
The ogre closely misses you.
The ogre hits the freed slave with a +0 giant club!
The freed slave hits the ogre!
You hit the ogre. Your bite misses the ogre. The ogre completely misses you.
The ogre hits the freed slave with a +0 giant club.
You hit the ogre. Lightning courses through the ogre!!
You kill the ogre!
The Council accepts your kill.
A yak comes into view. 2 yaks come into view.
Found a stone staircase leading up.
You lunge at the yak.
The yak bellows!
You hit the yak. Your bite misses the yak. The yak gores you!
You puncture the yak! Lightning courses through the yak! You bite the yak!
You hit the yak. Your bite misses the yak. The yak barely misses you.
You hit the yak but do no damage. Your bite misses the yak. The yak gores you!
You hit the yak but do no damage. You bite the yak!
Your bite drains the yak!
You kill the yak!
The Council accepts your kill.
Your Dodging skill increases to level 8!
You block the yak's attack. The yak gores you.
You hit the yak. Your bite misses the yak. The yak gores you!
* * * LOW HITPOINT WARNING * * *
The yak gores you.
* * * LOW HITPOINT WARNING * * *
The yak gores you!
You die...

#...##....##
#####.......#..##
............)...##
####.............##
#..............###
##...............##
##.........p.......##
#..............Y....##
#..#######....@Y.....##
#### #a##†....Y..(....
#...............
#.##.....).....<. #.
#............. #
##............
#..........#..
.....####...# . .....#
...#


You could see 3 yaks and a neutral freed slave (wandering).

Vanquished Creatures
  A tengu warrior (D:7)
  Pikel (D:8)
  Maurice (D:8)
  A troll (D:7)
  2 hippogriffs
  A yak (D:8)
  A hungry ghost (D:8)
  A water moccasin (D:5)
  A soldier ant (D:8)
  2 sky beasts
  An orc warrior (D:8)
  A black bear (D:8)
  4 centaurs
  3 ogres
  A bullfrog (D:7)
  A gnoll sergeant (D:7)
  A big kobold (D:5)
  3 scorpions
  4 killer bees
  A howler monkey (D:6)
  2 bullfrog zombies
  2 crimson imps
  2 quasits
  3 hounds
  An orc priest (D:6)
  A jelly (D:7)
  13 orc wizards
  2 bullfrog skeletons
  3 centaur skeletons
  2 iguanas
  Ijyb (D:5)
  6 worker ants
  A hound skeleton (D:4)
  A howler monkey zombie (D:5)
  A howler monkey skeleton (D:5)
  5 gnolls (D:7)
  2 adders (D:3)
  2 oozes
  2 adder skeletons
  4 worms
  A dart slug (D:3)
  4 leopard geckos
  27 orcs
  2 ball pythons
  5 giant cockroaches
  11 hobgoblins
  12 jackals
  2 quokkas
  2 bats (D:1)
  12 frilled lizards
  8 goblins
  A jackal zombie (D:5)
  15 kobolds
  5 rats
195 creatures vanquished.

Vanquished Creatures (others)
  2 slaves (D:8)
2 creatures vanquished.

Grand Total: 197 creatures vanquished

Notes
Turn   | Place    | Note
-------+----------+-------------------------------------------
     0 | D:1      | LostNumber the Vine Stalker Martial Artist began the quest
                  | for the Orb.
     0 | D:1      | Reached XP level 1. HP: 13/13 MP: 3/3
    37 | D:1      | Reached XP level 2. HP: 10/18 MP: 4/4
   230 | D:1      | Got a translucent jade ring
   239 | D:1      | Identified the ring of Daahepsa {Fire MP+9} (You found it
                  | on level 1 of the Dungeon)
   311 | D:1      | Reached XP level 3. HP: 21/23 MP: 5/5
   319 | D:1      | Reached ** piety under Wu Jian
  1080 | D:2      | Reached XP level 4. HP: 28/28 MP: 6/6
  1108 | D:2      | Reached skill level 1 in Short Blades
  1547 | D:3      | Reached XP level 5. HP: 7/32 MP: 7/7
  1646 | D:3      | Noticed a centaur
  1786 | D:3      | Killed a centaur
  1786 | D:3      | Reached skill level 2 in Short Blades
  1843 | D:3      | Gained mutation: You have razor-sharp teeth. [Vine Stalker
                  | growth]
  1843 | D:3      | Reached XP level 6. HP: 38/38 MP: 8/8
  1894 | D:3      | Reached *** piety under Wu Jian
  2231 | D:4      | Reached skill level 3 in Short Blades
  2386 | D:4      | Reached XP level 7. HP: 43/43 MP: 9/9
  2484 | D:4      | Reached skill level 4 in Short Blades
  2657 | D:4      | Reached skill level 5 in Dodging
  2881 | D:5      | Entered Level 5 of the Dungeon
  3118 | D:5      | Reached skill level 5 in Short Blades
  3118 | D:5      | Gained mutation: Your bite drains your enemy's life force.
                  | [Twilight Stalker growth]
  3118 | D:5      | Gained mutation: Your stealth is less affected by armour.
                  | [Twilight Stalker growth]
  3118 | D:5      | Gained mutation: You are slightly more attuned to the
                  | shadows. [Twilight Stalker growth]
  3118 | D:5      | Reached XP level 8. HP: 21/48 MP: 9/10
  3228 | D:5      | Reached **** piety under Wu Jian
  3294 | D:5      | Found a hide-covered altar of Uskayaw.
  3303 | D:5      | Reached skill level 5 in Fighting
  3485 | D:5      | Found Xusaixuniu's Magic Scroll Shop.
  3499 | D:5      | Noticed Ijyb
  3504 | D:5      | Killed Ijyb
  3651 | D:5      | Found a runed door.
  3836 | D:6      | Reached skill level 6 in Short Blades
  4221 | D:7      | Reached skill level 1 in Shields
  4221 | D:7      | Reached XP level 9. HP: 27/55 MP: 11/11
  4284 | D:7      | Noticed a centaur warrior
  4432 | D:7      | Noticed a tengu warrior
  4444 | D:7      | Killed a tengu warrior
  4444 | D:7      | Reached skill level 7 in Short Blades
  4700 | D:7      | Found a staircase to the Ecumenical Temple.
  4793 | D:7      | Noticed a troll
  4795 | D:7      | Killed a troll
  5024 | D:7      | Found a stormy altar of Qazlal.
  5026 | D:7      | Found a sacrificial altar of Ru.
  5028 | D:7      | Found an opulent altar of Gozag.
  5032 | D:7      | Found an iron altar of Okawaru.
  5038 | D:7      | Found a sparkling altar of Nemelex Xobeh.
  5038 | D:7      | Found a blossoming altar of Fedhas.
  5038 | D:7      | Found a bloodstained altar of Trog.
  5038 | D:7      | Found a burning altar of Makhleb.
  5038 | D:7      | Found a basalt altar of Yredelemnul.
  5039 | D:7      | Found a snail-covered altar of Cheibriados.
  5042 | D:7      | Found a shimmering blue altar of Sif Muna.
  5046 | D:7      | Found an ancient bone altar of Kikubaaqudgha.
  5198 | Temple   | Entered the Ecumenical Temple
  5256 | D:8      | Noticed Maurice
  5260 | D:8      | Killed Maurice
  5260 | D:8      | Reached skill level 8 in Short Blades
  5260 | D:8      | Reached XP level 10. HP: 61/61 MP: 12/12
  5290 | D:8      | Reached ***** piety under Wu Jian
  5335 | D:8      | Noticed a brown ugly thing
  5546 | D:8      | Noticed Pikel
  5568 | D:8      | Killed Pikel
  5568 | D:8      | Reached skill level 9 in Short Blades
  5675 | D:8      | Slain by a yak

Skill      XL: |  1  2  3  4  5  6  7  8  9 10 |
---------------+-------------------------------+-----
Fighting       | 3 4 5 6 7 |  7.3
Short Blades   | 1 2 3 5 6 8 9 |  9.3
Dodging        | 4 5 6 7 8 |  8.0
Shields        | 1 3 |  3.8
Stealth        | |  1.5
Unarmed Combat | |  4.4
Spellcasting   | |  1.1
Hexes          | |  1.0

Action                   |  1- 3 |  4- 6 |  7- 9 | 10-12 || total
-------------------------+-------+-------+-------+-------++-------
Melee: Unarmed           |   102 |       |       |       ||   102
       Bite              |    10 |    17 |    60 |    49 ||   136
       Punch             |     2 |     6 |     5 |       ||    13
       Dagger            |    17 |   121 |   200 |   112 ||   450
Invok: Lunge             |    15 |     9 |    31 |     7 ||    62
       Whirlwind         |       |       |     3 |     6 ||     9
 Abil: Serpent's Lash    |       |       |     1 |       ||     1
  Use: Scroll            |     3 |     3 |     2 |       ||     8
       Potion            |       |       |     1 |       ||     1
 Stab: Sleeping          |     7 |     5 |    23 |     1 ||    36
       Distracted        |       |       |     2 |       ||     2
  Eat: Chunk             |     3 |     7 |    13 |     4 ||    27
Armor: Robe              |    12 |    15 |    17 |       ||    44
       Troll leather arm |       |       |       |     6 ||     6
Dodge: Dodged            |    55 |    81 |   105 |    52 ||   293
Block: Buckler           |       |       |    26 |    31 ||    57
